 Dungeon Crawl Stone Soup version 0.19.0-2-gae57169 (webtiles) character file.

215 octopushugs the Shooter (level 5, -2/54 HPs)
             Began as an Ogre Hunter on Nov 6, 2016.
             Slain by a scorpion (9 damage)
             ... on level 4 of the Dungeon.
             The game lasted 00:06:42 (1940 turns).

octopushugs the Shooter (Ogre Hunter)               Turns: 1940, Time: 00:06:43

Health: -2/54      AC:  3    Str: 17    XL:     5   Next: 92%
Magic:  5/5        EV: 10    Int: 10    God:
Gold:   186        SH:  0    Dex: 11    Spells: 0 memorised, 4 levels left

rFire  . . .     SeeInvis .     b - +0 short sword
rCold  . . .     Gourm    .     c - +0 robe
rNeg   . . .     Faith    .     (no shield)
rPois  .         Spirit   .     (helmet restricted)
rElec  .         Reflect  .     (no cloak)
rCorr  .         Harm     .     (gloves unavailable)
MR     .....                    (boots unavailable)
Stlth  +.........               (no amulet)
                                (no ring)
                                (no ring)

@: no status effects
A: unfitting armour, tough skin 1
a: no special abilities


You were on level 4 of the Dungeon.
You were not hungry.

You visited 1 branch of the dungeon, and saw 4 of its levels.

You collected 186 gold pieces.

Inventory:

Hand Weapons
 a - a +2 shortbow
 b - a +0 short sword (weapon)
Missiles
 d - 33 arrows
Armour
 c - a +0 robe (worn)
Jewellery
 g - a cursed -3 ring of intelligence {unknown}
 l - an uncursed ring of protection from fire {unknown}
 n - an uncursed amulet of rage {unknown}
Scrolls
 e - 4 scrolls of teleportation
 m - 2 scrolls of identify {unknown}
 p - a scroll of blinking {unknown}
Potions
 i - a potion of haste {unknown}
 k - a potion of agility
 o - a potion of cure mutation {unknown}
 r - a potion of berserk rage {unknown}
 s - a potion of lignification {unknown}
Comestibles
 f - a bread ration
 j - 3 fruits
 q - a meat ration


   Skills:
 + Level 4.0 Fighting
 + Level 0.1 Short Blades
 + Level 4.6 Bows
 + Level 2.4 Dodging
 + Level 0.9 Stealth


You had 4 spell levels left.
You didn't know any spells.

Dungeon Overview and Level Annotations

Branches:
Dungeon (4/15)
 Temple: D:4-7

Altars:
Okawaru


Innate Abilities, Weirdness & Mutations

You are too large for most types of armour.
You have tough skin. (AC +1)


Message History

The scorpion poisons you!
It was a potion of curing.
You feel better. The scorpion barely misses you.
You barely miss the scorpion.
The scorpion is almost dead.
The scorpion stings you.
* * * LOW HITPOINT WARNING * * *
You barely miss the scorpion.
The scorpion is almost dead.
The scorpion stings you!
* * * LOW HITPOINT WARNING * * *
You hit the scorpion but do no damage.
The scorpion is almost dead.
The scorpion barely misses you.
You hit the scorpion but do no damage.
The scorpion is almost dead.
The scorpion closely misses you.
You closely miss the scorpion.
The scorpion is almost dead.
The scorpion stings you!
You die...

..... .#..##
.# #.# #.#
##########.#
...(.(..##.#
#s##.#
#@##.###
#......#
#......#######
#............#
##....<#####.
#........#
#.####.### #
#.# #.#


You could see a scorpion.

Vanquished Creatures
  An orc priest (D:3)
  Ijyb (D:2)
  Terence (D:2)
  4 adders (D:3)
  An ooze (D:3)
  3 worms
  A dart slug (D:1)
  3 leopard geckos
  9 orcs (D:3)
  4 giant cockroaches
  5 goblins
  2 hobgoblins
  12 jackals
  6 kobolds
  3 quokkas (D:3)
  2 ball pythons
  4 bats
  4 frilled lizards
  7 rats
73 creatures vanquished.

Vanquished Creatures (others)
  5 toadstools (D:1)
5 creatures vanquished.

Grand Total: 78 creatures vanquished

Notes
Turn   | Place    | Note
-------+----------+-------------------------------------------
     0 | D:1      | octopushugs the Ogre Hunter began the quest for the Orb.
     0 | D:1      | Reached XP level 1. HP: 22/22 MP: 1/1
   117 | D:1      | Reached XP level 2. HP: 9/29 MP: 2/2
   471 | D:2      | Reached XP level 3. HP: 35/36 MP: 3/3
   592 | D:2      | Noticed Ijyb
   596 | D:2      | Killed Ijyb
   596 | D:2      | Reached XP level 4. HP: 33/45 MP: 4/4
   918 | D:2      | Noticed Terence
   926 | D:2      | Killed Terence
  1241 | D:3      | Reached XP level 5. HP: 54/54 MP: 5/5
  1624 | D:3      | Found an iron altar of Okawaru.
  1940 | D:4      | Slain by a scorpion

Skill      XL: |  1  2  3  4  5 |
---------------+----------------+-----
Bows           | 3 4 |  4.6
Fighting       | 3 4 |  4.0
Dodging        | 2 |  2.4
Short Blades   | |  0.1
Stealth        | |  0.9

Action                   |  1- 3 |  4- 6 || total
-------------------------+-------+-------++-------
Melee: Short sword       |    40 |    58 ||    98
 Fire: Shortbow          |    47 |   126 ||   173
  Use: Scroll            |       |     4 ||     4
       Potion            |       |     1 ||     1
 Stab: Sleeping          |       |     1 ||     1
  Eat: Chunk             |       |     3 ||     3
Armor: Robe              |     5 |    37 ||    42
Dodge: Dodged            |    24 |    73 ||    97
